 Dungeon Crawl Stone Soup version 0.18-a0-1702-gd20c6a5 (webtiles) character file.

15155 4thArraOfDagon the Severer (level 12, -3/168 HPs)
             Began as a Hill Orc Berserker on Apr 6, 2016.
             Was a High Priest of Trog.
             Slain by an ettin
             ... wielding a +0 dire flail
              (27 damage)
             ... on level 2 of the Orcish Mines.
             The game lasted 00:19:02 (4071 turns).

4thArraOfDagon the Severer (Hill Orc Berserker)     Turns: 4071, Time: 00:19:02

Health: -3/168     AC: 17    Str: 29 (30) XL:     12   Next: 24%
Magic:  13/13      EV:  9    Int:  7      God:    Trog [*****.]
Gold:   487        SH:  0    Dex:  9 (10) Spells: 0 memorised, 11 levels left

rFire  . . .     SeeInvis .     y - +0 war axe
rCold  . . .     Gourm    .     s - +0 plate armour
rNeg   . . .     Faith    .     (no shield)
rPois  .         Spirit   .     (no helmet)
rElec  .         Dismiss  .     e - +0 cloak
rCorr  .         Reflect  .     v - +0 pair of gloves
SustAt .         Harm     .     (no boots)
MR     ++...     Clarity  +     (no amulet)
Stlth  ..........               (no ring)
                                m - ring of flight

@: berserking, regenerating, very quick, very resistant to hostile enchantments,
extremely unstealthy
A: blink, clarity, deterioration 1, sturdy frame 1
a: Blink, Berserk, Trog's Hand, Brothers in Arms, Burn Spellbooks, Renounce
Religion, Convert to Beogh, Evoke Flight


You were on level 2 of the Orcish Mines.
You worshipped Trog.
Trog was extremely pleased with you.
You were not hungry.

You visited 2 branches of the dungeon, and saw 17 of its levels.
You also visited: Ossuary.

You collected 487 gold pieces.

Inventory:

Hand Weapons
 y - a +0 war axe (weapon)
Missiles
 A - 7 tomahawks of dispersal (quivered)
Armour
 e - a +0 cloak (worn)
 s - a +0 plate armour (worn)
 v - a +0 pair of gloves (worn)
Rods
 x - a -1 lightning rod (14/14)
   (You found it on level 14 of the Dungeon)
Jewellery
 m - a ring of flight (left hand)
Wands
 l - a wand of lightning (1/15)
 r - a wand of random effects (22/48)
Scrolls
 d - 3 scrolls of remove curse
 f - a scroll of torment {unknown}
 h - a scroll of teleportation
 n - 2 scrolls of noise {unknown}
 q - a scroll of random uselessness {unknown}
Potions
 a - a potion of resistance {unknown}
 g - a potion of degeneration
 o - 2 potions of curing
 t - 3 potions of lignification
 w - a potion of cancellation
Books
 j - a book of Spatial Translocations

   Spells                             Type                      Level
   a - Apportation                    Translocation                1
   b - Blink                          Translocation                2
   c - Shroud of Golubria             Charms/Translocation         2
   d - Portal Projectile              Translocation                3
   e - Teleport Other                 Translocation                3
   f - Passage of Golubria            Translocation                4
   Trog disapproves of the use of such an item.
 k - a book of the Sky

   Spells                             Type                      Level
   a - Summon Lightning Spire         Summoning/Air                4
   b - Airstrike                      Air                          4
   c - Silence                        Hexes/Air                    5
   d - Deflect Missiles               Charms/Air                   6
   e - Conjure Ball Lightning         Conjuration/Air              6
   f - Tornado                        Air                          9
   Trog disapproves of the use of such an item.
Miscellaneous
 z - an ornate deck of summoning
Comestibles
 b - 5 meat rations
 c - 4 bread rations
 i - a slice of pizza
 p - 7 chunks of flesh
 u - 4 fruits


   Skills:
 + Level 11.8 Fighting
 * Level 17.0 Axes
 + Level 10.9 Armour
 - Level 1.5 Dodging
 + Level 2.5 Evocations


You had 11 spell levels left.
You didn't know any spells.

Dungeon Overview and Level Annotations

Branches:
Dungeon (15/15)            Temple (0/1) D:5             Orc (2/2) D:12
 Vaults (0/5) D:13
   Lair: D:8-11         Elf: Orc:2       Depths: D:15

Altars:
Gozag

Annotations:
D:10 wvc's ghost, novice DsCK
D:11 PeterLawrence's ghost, journeyman MiFi


Innate Abilities, Weirdness & Mutations

You can translocate small distances at will.
You possess an exceptional clarity of mind.
Your body sometimes deteriorates upon taking damage.
Your movements are slightly less encumbered by armour (ER -2).


Message History

You hear a shout!
You hit the ettin.
The ettin is moderately wounded.
You closely miss the orc high priest.
The orc high priest is severely wounded.
A cyclops comes into view.
Unknown command.
You slash the ettin!
The ettin is severely wounded.
You slash the orc high priest!
The orc high priest is almost dead.
You slash the orc!
You kill the orc!
Trog accepts your kill.
You closely miss the orc warrior.
The orc high priest shouts, "Beogh is our master!
Accept the truth or die!"
The ettin hits you with a dire flail!!
* * * LOW HITPOINT WARNING * * *
The ettin hits you with a dire flail!!
You die...

......... ...
.........# $...
.........###....
........$#.....
...$....$..$... .
#....T....... ..
#..C.......# .P.
#..o@†.....# ....
##.)o.....## .....
##.....<...$
......##.........##
#.....C.....$......
####.........#.....
#..#........##....
## #.....#### #...
....... P.


You could see an ettin, an orc high priest, a cyclops, a troll and an orc
warrior.

Vanquished Creatures
  Josephine (D:12)
  A centaur warrior (D:14)
  An unseen horror (D:15)
  2 hill giants (D:12)
  An orb spider (shapeshifter) (D:14)
  A griffon (shapeshifter) (D:13)
  4 cyclopes
  A harpy zombie (D:14)
  2 two-headed ogres
  A polar bear (D:8)
  3 slime creatures (D:14)
  A troll (D:12)
  A tarantella (shapeshifter) (D:13)
  Sigmund (D:5)
  5 wraiths
  A water elemental (D:14)
  A basilisk (D:14)
  3 hippogriffs
  A hungry ghost (D:9)
  2 vampire mosquitoes (D:12)
  2 wargs (Orc:2)
  A soldier ant (D:14)
  A soldier ant (shapeshifter) (D:15)
  12 orc warriors
  3 sky beasts
  3 ogres
  5 centaurs
  An elf zombie (D:8)
  2 big kobolds
  5 giant frogs
  A gnoll sergeant (D:11)
  An elf skeleton (D:8)
  A scorpion (D:8)
  6 killer bees (D:13)
  A howler monkey (D:6)
  A giant frog zombie (D:12)
  3 crimson imps
  3 centaur zombies
  2 quasits (D:12)
  3 hounds
  2 giant frog skeletons
  15 orc wizards
  11 orc priests
  3 centaur skeletons
  A human zombie (D:8)
  2 jellies
  3 iguanas
  A human skeleton (D:8)
  5 worker ants
  A big kobold zombie (Ossuary)
  4 hound zombies (Ossuary)
  A mummy (Ossuary)
  A killer bee simulacrum (D:8)
  A worker ant zombie (D:7)
  3 adders
  3 gnolls (D:11)
  A shadow imp (D:14)
  A white imp (D:8)
  An adder zombie (Ossuary)
  An adder skeleton (D:4)
  A worm (shapeshifter) (D:14)
  A giant gecko (D:8)
  40 orcs
  2 bats
  2 giant cockroaches (D:1)
  3 goblins
  3 hobgoblins (D:3)
  2 quokkas
  A ball python (D:2)
  A giant gecko skeleton (D:4)
  A giant newt (D:2)
  2 goblin zombies (Ossuary)
  A hobgoblin zombie (Ossuary)
  2 jackal zombies (Ossuary)
  5 kobolds
  A kobold zombie (Ossuary)
  An orc skeleton (D:8)
  2 orc zombies
  A quokka skeleton (D:7)
  4 quokka zombies (Ossuary)
  2 rats
  A rat zombie (Ossuary)
231 creatures vanquished.

Notes
Turn   | Place    | Note
--------------------------------------------------------------
     0 | D:1      | 4thArraOfDagon the Hill Orc Berserker began the quest for the Orb.
     0 | D:1      | Reached XP level 1. HP: 19/19 MP: 1/1
    78 | D:2      | You fall through a shaft!
    89 | D:2      | Reached XP level 2. HP: 23/27 MP: 2/2
   335 | D:5      | Entered Level 5 of the Dungeon
   368 | D:5      | Reached skill level 5 in Axes
   368 | D:5      | Reached XP level 3. HP: 25/33 MP: 3/3
   384 | D:5      | Found an opulent altar of Gozag.
   406 | D:5      | Noticed Sigmund
   422 | D:5      | Killed Sigmund
   422 | D:5      | Reached ** piety under Trog
   422 | D:5      | Reached skill level 6 in Axes
   422 | D:5      | Reached XP level 4. HP: 41/41 MP: 4/4
   422 | D:5      | Reached XP level 5. HP: 47/47 MP: 5/5
   432 | D:5      | Found a staircase to the Ecumenical Temple.
   458 | D:4      | Reached skill level 5 in Fighting
   458 | D:4      | Reached XP level 6. HP: 56/56 MP: 6/6
   465 | D:4      | Reached skill level 7 in Axes
   637 | D:7      | Reached XP level 7. HP: 51/61 MP: 7/7
   672 | D:7      | Reached skill level 8 in Axes
   786 | D:8      | Reached skill level 5 in Armour
   827 | D:8      | Noticed a steam dragon
   906 | D:8      | Reached skill level 9 in Axes
   915 | D:8      | Reached XP level 8. HP: 70/70 MP: 8/8
   926 | D:8      | Gained mutation: You are frail (-10% HP). [mutagenic meat]
   927 | D:8      | Gained mutation: Your spells are a little easier to cast, but a little less powerful. [mutagenic meat]
   928 | D:8      | Lost mutation: You are frail (-10% HP). [mutagenic meat]
   929 | D:8      | Gained mutation: You are weak. (Str -2) [mutagenic meat]
   952 | D:8      | Noticed a polar bear
   971 | D:8      | Killed a polar bear
   971 | D:8      | Reached *** piety under Trog
   971 | D:8      | Reached skill level 10 in Axes
  1079 | D:8      | Found a sand-covered staircase.
  1091 | Ossuary  | Entered an ossuary
  1266 | D:9      | Reached skill level 11 in Axes
  1266 | D:9      | Reached XP level 9. HP: 79/79 MP: 9/9
  1356 | D:10     | Entered Level 10 of the Dungeon
  1356 | D:10     | Noticed a two-headed ogre
  1364 | D:10     | Killed a two-headed ogre
  1431 | D:10     | Reached skill level 12 in Axes
  1482 | D:10     | Noticed wvc's ghost (novice DsCK)
  1806 | D:11     | Noticed PeterLawrence's ghost (journeyman MiFi)
  1842 | D:12     | Noticed a cyclops
  1862 | D:12     | Killed a cyclops
  1862 | D:12     | Reached skill level 13 in Axes
  1862 | D:12     | Reached XP level 10. HP: 91/91 MP: 10/10
  1975 | D:12     | Noticed a cyclops
  1985 | D:12     | Killed a cyclops
  2003 | D:12     | Noticed a green ugly thing
  2028 | D:12     | Noticed a hill giant
  2042 | D:12     | Killed a hill giant
  2191 | D:12     | Noticed Josephine
  2200 | D:12     | Reached skill level 14 in Axes
  2202 | D:12     | Killed Josephine
  2202 | D:12     | Reached skill level 10 in Fighting
  2292 | D:12     | Found a staircase to the Orcish Mines.
  2328 | D:12     | Reached XP level 11. HP: 96/100 MP: 11/11
  2365 | D:12     | Noticed a hill giant
  2417 | D:12     | Killed a hill giant
  2417 | D:12     | Reached skill level 15 in Axes
  2609 | D:13     | Gained mutation: You tend to lose your temper in combat. [mutagenic meat]
  2610 | D:13     | Gained mutation: You often lose your temper in combat. [mutagenic meat]
  2611 | D:13     | Lost mutation: You often lose your temper in combat. [potion of cure mutation]
  2611 | D:13     | Lost mutation: You tend to lose your temper in combat. [potion of cure mutation]
  2611 | D:13     | Lost mutation: You are weak. (Str -2) [potion of cure mutation]
  2611 | D:13     | Lost mutation: Your spells are a little easier to cast, but a little less powerful. [potion of cure mutation]
  2632 | D:13     | Found a gate to the Vaults.
  2633 | D:13     | Noticed an ice dragon
  2633 | D:13     | an ice dragon changed into a giant leech
  2639 | D:13     | Noticed a fire dragon
  2645 | D:13     | Noticed a griffon
  2657 | D:13     | Killed a griffon
  2667 | D:13     | Gained mutation: Your body sometimes deteriorates upon taking damage. [mutagenic meat]
  2668 | D:13     | Gained mutation: You possess an exceptional clarity of mind. [mutagenic meat]
  2670 | D:13     | Gained mutation: You can translocate small distances at will. [mutagenic meat]
  2726 | D:15     | Entered Level 15 of the Dungeon
  2756 | D:15     | Noticed a six-headed hydra
  2756 | D:15     | Noticed a yaktaur captain
  2756 | D:15     | Noticed a centaur warrior
  2757 | D:15     | Noticed a fire crab
  2758 | D:15     | Noticed a centaur warrior
  2758 | D:15     | Noticed a manticore
  2759 | D:15     | Noticed a deep elf archer
  2777 | D:15     | Gained mutation: Your movements are slightly less encumbered by armour (ER -2). [mutagenic meat]
  2809 | D:15     | Noticed a cyclops
  2818 | D:15     | Killed a cyclops
  2880 | D:15     | Killed an unseen horror
  3040 | D:14     | Noticed a centaur warrior
  3048 | D:14     | Reached skill level 10 in Armour
  3049 | D:14     | Killed a centaur warrior
  3049 | D:14     | Reached skill level 16 in Axes
  3156 | D:14     | Noticed an orb spider
  3289 | D:14     | Noticed an orb spider
  3289 | D:14     | a spiny frog changed into an orb spider
  3295 | D:14     | Killed an orb spider
  3302 | D:14     | Noticed a purple ugly thing
  3302 | D:14     | Noticed a purple ugly thing
  3302 | D:14     | Noticed a purple ugly thing
  3303 | D:14     | Noticed a purple ugly thing
  3343 | D:14     | Reached **** piety under Trog
  3611 | D:12     | Noticed a cyclops
  3627 | D:12     | Reached skill level 1 in Evocations
  3628 | D:12     | Killed a cyclops
  3628 | D:12     | Reached XP level 12. HP: 110/110 MP: 12/12
  3801 | Orc:1    | Entered Level 1 of the Orcish Mines
  3829 | Orc:1    | Reached ***** piety under Trog
  4046 | Orc:2    | Entered Level 2 of the Orcish Mines
  4050 | Orc:2    | Noticed an orc high priest
  4050 | Orc:2    | Noticed an ettin
  4062 | Orc:2    | Reached skill level 17 in Axes
  4071 | Orc:2    | Slain by an ettin

Vault maps used:
D:1:      dpeg_arrival_prison, minmay_misc_feat_encased, minmay_crystal_room,
          roderic_lattice_a
D:2:      wad_pebble_path, grunt_temple_overflow_open, uniq_crazy_yiuf_cottage
D:3:      uniq_robin
D:4:      gammafunk_pakellas_spire_experiment, first_bread,
          minmay_misc_feat_rows, feat_on_display
D:5:      kiku_gazebo_pond_becter, minmay_temple_entry_statues_fountains,
          grunt_gozag_statues, uniq_blork_the_orc, uniq_sigmund
D:6:      basic_altar, lightli_minifort
D:7:      dk_vineyard_2
D:8:      nicolae_ossuary_entry_catacombs, serial_ice, serial_ice_l,
          serial_ice_b, serial_ice_c, serial_ice_m, serial_ice_g, serial_ice_a
D:9:      uniq_pikel
D:10:     david_lair_shrubbed
D:11:     grunt_ogre_cave, corexii_corridor_pit
D:12:     orc_0_dummy, eino_tiny_chamber, uniq_josephine
D:13:     david_vaults_2
D:14:     kennysheep_boxes
D:15:     grunt_enter_depths_snipers, minmay_misc_feat_chi, minivault_12,
          uniq_roxanne
Orc:1:    amalloy_card_club
Orc:2:    grunt_orc_gardens, grunt_orc_garden, grunt_orc_garden,
          grunt_orc_garden, grunt_orc_garden
Ossuary:  minmay_ossuary_two_tombs

Skill      XL: |  1  2  3  4  5  6  7  8  9 10 11 12 |
---------------+-------------------------------------+-----
Fighting       | 4 5 6 7 9 10 11 | 11.8
Axes           | 5 6 7 9 11 13 14 16 17 | 17.0
Armour         | 3 4 5 6 7 9 10 | 10.9
Evocations     | 1 2 |  2.5
Dodging        | |  1.5

Action                   |  1- 3 |  4- 6 |  7- 9 | 10-12 || total
-------------------------+-------+-------+-------+-------++-------
Melee: Hand axe          |    67 |    36 |   267 |   371 ||   741
       War axe           |       |       |       |   121 ||   121
Throw: Throwing net      |       |       |       |     1 ||     1
Invok: Berserk           |     1 |     2 |    13 |    22 ||    38
       Trog's Hand       |       |       |       |    13 ||    13
  Use: Potion            |     1 |       |       |     3 ||     4
       Scroll            |       |       |     6 |     6 ||    12
 Stab: Sleeping          |     1 |       |       |       ||     1
       Held in net/web   |       |       |       |     1 ||     1
  Eat: Chunk             |       |     1 |    22 |    40 ||    63
       Fruit             |       |       |       |     1 ||     1
